Description

il est rigolo est personelle

Build Order

Why is there no SALT encoding or Overwolf build?

    0:00  Drone  drone
    0:09  Drone  drone
    0:28  Spawning Pool  swiming / drone
    0:41  Extractor  extractor / drone
    0:46  Extractor  cancel extractor / drone
    0:50  Overlord  Overlord
    1:15  Queen, Zergling x4  3 Zerg 1 queen, 1 Zerg
    1:46  Overlord  Overlord
    1:50  Lair  Lair
    1:55  Extractor  extractor / drone
    2:20  Drone x2  2 drone
    2:55  Infestation Pit  fosse queen overlord
    3:12  Overlord  Overlord
    3:18  Nydus Canal  Nyduss drone
    3:22  Drone  drone
    3:28  Drone  drone
    3:38  Aberration  DEGUEULACE
    3:48  Aberration x2  DEGUEULACE X2
    3:58  Aberration  DEGUEULACE
    4:13  Queen  Queen
    4:38  Aberration x2  DEGUEULACE x2
    4:50  Overlord  Overlord
    5:30  Hatchery  B2
Spawning Tool Build Advisor. Get it on Overwolf

Go to:

Details

  • Created by: Zoyak
  • Published on: Apr 07, 2022
  • Modified on: Apr 07, 2022
  • Patch: 4.11.0
  • Difficulty: Hard
Show

Export as new Build Order

Comments (0)

There are no comments. Be the first!

Create an account to comment!